 Dungeon Crawl Stone Soup version 0.31.0-32-g396128a36d (webtiles) character file.

Game seed: 13438597352271333522

30 Cheops the Ruffian (level 3, -2/23 HPs)
             Began as an Octopode Shapeshifter on Mar 15, 2024.
             Slain by Sigmund
             ... wielding a +0 scythe
              (12 damage)
             ... on level 2 of the Dungeon.
             The game lasted 00:01:25 (1202 turns).

Cheops the Ruffian (Octopode Shapeshifter)          Turns: 1202, Time: 00:01:26

Health: -2/23      AC:  1    Str: 15    XL:     3   Next: 18%
Magic:  3/3        EV: 13    Int: 12    God:
Gold:   106        SH:  0    Dex: 11    Spells: 2/2 levels left

rFire   . .          .
                       - Unarmed
rCold   . . .        (no shield)
rNeg    . . .        (helmet currently unavailable)
rPois   .            (no amulet)
rElec   .            (no ring)
rCorr   .            (no ring)
SInv    .            (no ring)
Will    .....        (no ring)
Stlth   ++           (no ring)
HPRegen 0.23/turn    (no ring)
MPRegen 0.08/turn    (no ring)
                     (no ring)

%: no passive effects
@: beast-form
A: beast (slay +1), almost no armour, amphibious, 8 rings, camouflage 1,
gelatinous body 1, (nimble swimmer 1), tentacles
a: Begin Untransformation


You were on level 2 of the Dungeon.
You were a hulking beast.
You visited 1 branch of the dungeon, and saw 2 of its levels.

You collected 106 gold pieces.

Inventory:

Talismans
 b - a beast talisman (active)
 c - a flux talisman
Scrolls
 d - a scroll of teleportation {unknown}
 g - 2 scrolls of identify {unknown}
 i - a scroll of fog {unknown}
 k - a scroll of enchant weapon {unknown}
Potions
 a - a potion of lignification
 e - a potion of brilliance {unknown}
 f - 2 potions of curing {unknown}
 h - 3 potions of haste {unknown}
 j - 2 potions of ambrosia {unknown}


   Skills:
 - Level 1.0 Fighting
 - Level 2.0 Dodging
 + Level 4.2 Unarmed Combat
 - Level 3.0 Shapeshifting


You had 2 spell levels left.
You didn't know any spells.
Your spell library contained the following spells:

 Spells                   Type           Power      Damage    Failure   Level
 Volatile Blastmotes      Fire/Tloc      0%         2d10      69%         3
 Fulminant Prism          Conj/Alch      0%         3d5       97%         4
 Iskenderun's Mystic Bla  Conj/Tloc      0%         2d3       97%         4


Dungeon Overview and Level Annotations

Branches:
Dungeon (2/15)

Altars:

Shops:
D:1 [

Annotations:
D:2 Sigmund


Innate Abilities, Weirdness & Mutations

You are a hulking beast.
Your limbs bulge with bestial killing power. (Slay +1)
You cannot wear most types of armour.
You are amphibious.
You can wear up to eight rings at the same time.
Your skin changes colour to match your surroundings (Stealth+).
Your rubbery body absorbs attacks. (AC +1, EV +1)
((You are camouflaged when in or above water. (Stealth+)))
You have tentacles for arms and can constrict up to eight enemies at once.


Message History

Done exploring.
Done exploring.
No target in view!
Search for what [? for help]? .
You begin untransforming.
You continue untransforming. x3
Your transformation has ended.
You begin transforming.
You continue transforming. x3
You turn into a hulking beast.
You see here a +0 sling.
There is a stone staircase leading down here.
You climb downwards.
There is a stone staircase leading up here.
Found an escape hatch in the ceiling.
There is an escape hatch in the ceiling here.
You now have 106 gold pieces (gained 7).
Found a stone staircase leading down.
No target in view!
No target in view!
There is a stone staircase leading down here.
Found a stone staircase leading down.
There is a stone staircase leading down here.
g - 2 scrolls labelled SUNUAF VYZISO (gained 1) Sigmund the Dreaded comes into view.
He is wielding a +0 scythe.
Sigmund is nearby!
Sigmund is nearby!
Sigmund shouts!
Sigmund gestures wildly while chanting.
Sigmund flickers and vanishes!
Deactivating autopickup; reactivate with Ctrl-A.
You tentacle-slap something. Your squeeze misses something. You miss something.
Something barely misses you.
You tentacle-slap something. Something hits you!
Ouch! That really hurt!
* * * LOW HITPOINT WARNING * * *
You miss something. You tentacle-slap something. You squeeze something.
Something barely misses you.
You miss something. You squeeze something. Something hits you!
Ouch! That really hurt!
You die...

###
#.#
##.#
..#
#{#
#h#
#.#
#.#
#.#
#.#
#.#
#.#
#.#
#
#.#


There were no monsters in sight!

Vanquished Creatures
  A ribbon worm (D:1)
  2 ball pythons (D:1)
  4 bats (D:1)
  2 endoplasms (D:1)
  2 giant cockroaches (D:1)
  2 goblins (D:1)
  3 hobgoblins (D:1)
  A quokka (D:1)
  2 frilled lizards (D:1)
  3 kobolds (D:1)
  2 rats (D:1)
24 creatures vanquished.

Notes
Turn   | Place    | Note
-------+----------+-------------------------------------------
     0 | D:1      | Cheops the Octopode Shapeshifter began the quest for the
                  | Orb.
     0 | D:1      | Reached XP level 1. HP: 13/13 MP: 1/1
    58 | D:1      | Reached XP level 2. HP: 18/18 MP: 2/2
   420 | D:1      | Reached skill level 4 in Unarmed Combat
   482 | D:1      | Reached XP level 3. HP: 23/23 MP: 3/3
   732 | D:1      | Found Hiroo's Armour Emporium.
  1048 | D:1      | Found a faded altar of an unknown god.
  1191 | D:2      | Noticed Sigmund
  1202 | D:2      | Slain by Sigmund

Illustrated notes

Levels and vault maps discovered:
D:1:      roderic_chinese_lattice_arrival, layout_basic, serial_shops, shop,
          shapermc_ecumenical_altar_mp_vishouse, nicolae_wormholes
D:2:      wad_lake_hut, layout_basic, basic_altar, uniq_sigmund

Skill      XL: |  1  2 |
---------------+-------+-----
Unarmed Combat | 4 |  4.2
Fighting       | |  1.0
Dodging        | |  2.0
Shapeshifting  | |  3.0

Action                     || total
---------------------------++-------
  Melee: Unarmed           ||    40
         Constrict         ||    10
         Tentacles         ||    10
Ability: Begin Untransform ||     1
   Stab: Sleeping          ||     7
 Armour: Skin              ||    16
  Dodge: Dodged            ||    11
   Form: Beast             ||     1
